 Dungeon Crawl Stone Soup version 0.30-a0-782-ge64f9170bb (webtiles) character file.

Game seed: 8392016653063657623

606 Lavandula the Cudgeller (level 7, 0/52 HPs)
             Began as a Human Monk on Feb 20, 2023.
             Slain by a wyvern (16 damage)
             ... on level 5 of the Dungeon.
             The game lasted 00:06:37 (3457 turns).

Lavandula the Cudgeller (Human Monk)                Turns: 3457, Time: 00:06:37

Health: 0/52       AC:  6    Str: 13    XL:     7   Next: 70%
Magic:  7/7        EV: 11    Int: 11    God:
Gold:   174        SH:  0    Dex: 15    Spells: 6/6 levels left

rFire   . . .      SeeInvis .    g - +4 whip (vamp)
rCold   . . .      Faith    .    (no shield)
rNeg    . . .      Spirit   .    i - +0 ring mail
rPois   .          Reflect  .    (no helmet)
rElec   .          Harm     .    (no cloak)
rCorr   .          Rampage  .    k - +0 pair of gloves
Will    .....                    (no boots)
Stlth   +                        m - amulet of regeneration
HPRegen 1.08/turn                (no ring)
MPRegen 0.10/turn                (no ring)

@: hasted, very quick
A: no striking features
a: no special abilities


You were on level 5 of the Dungeon.
You visited 1 branch of the dungeon, and saw 5 of its levels.

You collected 279 gold pieces.
You spent 105 gold pieces at shops.

Inventory:

Hand Weapons
 a - a +0 falchion
 g - a +4 vampiric whip (weapon)
Missiles
 h - a poisoned dart (quivered)
 r - a throwing net
Armour
 b - a +0 robe
 i - a +0 ring mail (worn)
 k - a +0 pair of gloves (worn)
Jewellery
 m - an amulet of regeneration (around neck)
 v - an amulet of faith
Wands
 n - a wand of polymorph (8)
Scrolls
 d - 2 scrolls of enchant weapon
 e - 3 scrolls of amnesia
 o - a scroll of torment
 p - a scroll of noise
 s - a scroll of poison
 x - a scroll of vulnerability
 y - a scroll of immolation {unknown}
Potions
 c - a potion of ambrosia
 f - a potion of magic
 j - a potion of brilliance
 l - a potion of degeneration
 t - a potion of attraction
 z - a potion of cancellation {unknown}


   Skills:
 - Level 3.0 Fighting
 - Level 3.7 Long Blades
 + Level 7.3 Maces & Flails
 - Level 3.0 Dodging
 - Level 2.0 Stealth


You had 6 spell levels left.
You didn't know any spells.
Your spell library was empty.

Dungeon Overview and Level Annotations

Branches:
Dungeon (5/15)
 Temple: D:4-7

Altars:
Nemelex Xobeh
Trog
Zin

Shops:
D:2 ?   D:5 (

Annotations:
D:3 Grinder


Message History

Found 6 stones.
Found a stone staircase leading down.
There is a stone staircase leading up here.
A wyvern comes into view.
The wyvern hisses angrily.
You hear an angry hiss.
A wyvern is nearby!
A wyvern is nearby!
A steam dragon comes into view.
Throw: throwing net
Press: ? - help, Q - select action, (/) - cycle Shift-Dir - straight line, f - wyvern
Aim: a wyvern (59% to hit)
Okay, then.
Okay, then.
Throw: throwing net
Press: ? - help, Q - select action, (/) - cycle Shift-Dir - straight line, f - wyvern
Aim: a wyvern (59% to hit)
Okay, then.
Throw: 2 darts (poison)
Press: ? - help, Q - select action, (/) - cycle Shift-Dir - straight line, f - steam dragon
Aim: a steam dragon (59% to hit)
You throw a poisoned dart. The poisoned dart hits the wyvern.
The wyvern is poisoned.
You hit the wyvern.
The wyvern is lightly wounded.
The wyvern bites you!
You hit the wyvern.
You feel better.
The wyvern is moderately wounded.
The wyvern barely misses you.
You closely miss the wyvern.
The wyvern is moderately wounded.
The wyvern bites you.
You barely miss the wyvern.
The wyvern is moderately wounded.
The wyvern bites you! x2
You feel yourself speed up. The wyvern bites you!
* * * LOW HITPOINT WARNING * * *
Okay, then.
There is a stone staircase leading up here.
You feel better.
The wyvern looks more healthy.
The wyvern misses you. The wyvern bites you!
You die...

#.#
.........
#.#
###...... .
#...... .. #
##..... .##.
##.... ...
##### #.# ##
#..## ..
#.@#.#
..######l..#
#...(..D(.##
...#.###...#
#.#.# ......
#.#..>.#
#...##.. ##.
# #.


You could see a steam dragon and a wyvern.

Vanquished Creatures
  A black bear (D:4)
  A scorpion (D:4)
  A wight (D:5)
  A killer bee (D:4)
  A hound (D:4)
  2 orc priests (D:3)
  An iguana (D:4)
  Natasha (twice) (D:2)
  5 gnolls
  5 adders
  3 worms (D:2)
  4 dart slugs
  10 orcs
  8 ball pythons
  3 bats
  6 endoplasms
  5 giant cockroaches
  9 goblins
  A hobgoblin (D:2)
  2 jackals (D:1)
  12 kobolds
  2 quokkas
  3 frilled lizards
  5 rats
93 creatures vanquished.

Notes
Turn   | Place    | Note
-------+----------+-------------------------------------------
     0 | D:1      | Lavandula the Human Monk began the quest for the Orb.
     0 | D:1      | Reached XP level 1. HP: 18/18 MP: 1/1
   156 | D:1      | Reached XP level 2. HP: 20/24 MP: 2/2
   294 | D:1      | Noticed an eye of devastation
   298 | D:1      | Noticed a great orb of eyes
   300 | D:1      | Found a faded altar of an unknown god.
   303 | D:1      | Noticed a floating eye
   303 | D:1      | Noticed a floating eye
   374 | D:1      | Reached skill level 1 in Maces & Flails
   374 | D:1      | Reached XP level 3. HP: 29/29 MP: 3/3
   818 | D:1      | Reached skill level 2 in Maces & Flails
  1072 | D:2      | Reached XP level 4. HP: 35/35 MP: 4/4
  1365 | D:2      | Noticed Natasha
  1372 | D:2      | Killed Natasha
  1373 | D:2      | Reached skill level 3 in Maces & Flails
  1472 | D:2      | Found Faapsusu's Magic Scroll Shop.
  1537 | D:2      | Bought a scroll of enchant weapon for 105 gold pieces
  1553 | D:2      | Reached XP level 5. HP: 41/41 MP: 5/5
  1715 | D:2      | Noticed Natasha
  1727 | D:2      | Killed Natasha
  1728 | D:2      | Reached skill level 4 in Maces & Flails
  2184 | D:3      | Found a sparkling altar of Nemelex Xobeh.
  2263 | D:3      | Noticed Grinder
  2317 | D:3      | Reached XP level 6. HP: 42/47 MP: 6/6
  2322 | D:3      | Reached skill level 5 in Maces & Flails
  2859 | D:4      | Found a glowing silver altar of Zin.
  2877 | D:4      | Reached skill level 6 in Maces & Flails
  2877 | D:4      | Reached XP level 7. HP: 26/52 MP: 7/7
  3114 | D:4      | Found a bloodstained altar of Trog.
  3293 | D:5      | Entered Level 5 of the Dungeon
  3293 | D:5      | Found Geumecef's Weapon Boutique.
  3306 | D:4      | Reached skill level 7 in Maces & Flails
  3446 | D:5      | Noticed a wyvern
  3447 | D:5      | Noticed a steam dragon
  3457 | D:5      | Slain by a wyvern

Illustrated notes

Levels and vault maps discovered:
D:1:      amcnicky_arrival_flooded_fountain, layout_basic,
          hellmonk_ecumenical_altar_watching_god, minmay_tripent
D:2:      layout_loops_ring, serial_shops, shop, chequers_arboretum,
          uniq_natasha
D:3:      layout_rooms, mainiacjoe_overflow_alcove_4, small_statue_intersection,
          grunt_ministairs_5, amcnicky_mini_corridor_feature, uniq_grinder
D:4:      layout_basic, mainiacjoe_overflow_catch_the_wave,
          minmay_close_crescents
D:5:      layout_rooms, minmay_temple_entry_glass, serial_shops,
          nicolae_stop_n_shop_2

Skill      XL: |  1  2  3  4  5  6  7 |
---------------+----------------------+-----
Maces & Flails | 1 2 3 4 6 7 |  7.3
Fighting       | |  3.0
Long Blades    | |  3.7
Dodging        | |  3.0
Stealth        | |  2.0

Action                     |  1- 3 |  4- 6 |  7- 9 || total
---------------------------+-------+-------+-------++-------
  Melee: Falchion          |    28 |       |       ||    28
         Whip              |    43 |   180 |    82 ||   305
         Punch             |       |     3 |     2 ||     5
  Throw: Dart              |       |       |     1 ||     1
    Use: Scroll            |       |     7 |     7 ||    14
         Potion            |       |     1 |     2 ||     3
   Stab: Sleeping          |     4 |     2 |       ||     6
         Distracted        |     1 |     1 |       ||     2
 Armour: Robe              |     5 |       |       ||     5
         Ring mail         |     7 |    44 |    21 ||    72
  Dodge: Dodged            |    31 |    80 |    52 ||   163

Table legend: (Time is in decaauts)
 A = Elapsed time spent in this place.
 B = Non-inter-level travel time spent in this place.
 C = Inter-level travel time spent in this place.
 D = Time resting spent in this place.
 E = Time spent auto-exploring this place.
 F = Levels seen in this place.
 G = Mean time per level.
                   A        B        C        D        E       F      G
               +--------+--------+--------+--------+--------+-----+--------+
         Total |   3428 |   3226 |    202 |     58 |   2415 |   5 |  685.6 |
       Dungeon |   3428 |   3226 |    202 |     58 |   2415 |   5 |  685.6 |
               +--------+--------+--------+--------+--------+-----+--------+

Top non-repeatable levels by time:
     D:2: 1083 daAuts
     D:1: 953 daAuts
     D:4: 795 daAuts
     D:3: 513 daAuts
     D:5: 82 daAuts
